[ AOE2 MATCH · #507042869 ]
UnrankedTupi vs Persians
Player's team · WIN
Rival team · LOSS
[ REPLAY ANALYSIS · EXTRACTED FROM THE RECORDED GAME ]
Feudal
9:56
Castle
—
Imperial
—
| APM avg | 57.7 |
| APM peak | 91 |
| eAPM avg | 22.7 |
| Villagers / military | 28 / 1 |
Focus
⚔️ 39.9% · 🌾 60.1%
Unknown (2550) ×3 · Spearman ×1
Feudal
9:01
Castle
—
Imperial
—
| APM avg | 41.0 |
| APM peak | 86 |
| eAPM avg | 18.0 |
| Villagers / military | 21 / 2 |
Focus
⚔️ 26.8% · 🌾 73.2%
Scout Cavalry ×2
Match map
Initial resources + every placement click. Lines = walls · curves = elevation contours. ◆ gold · ⬟ stone · ● berries · ✦ relic · ◌ wall gap
Your base
french drush's base
Smoothed initial terrain · ◌ = detected wall gap · hover for details
Inputs per minute
— Lina - - french drush
Build order — Lina
52 actions detected in the replay
| 0:01 | Create | Villager (Male) |
| 0:01 | Create | Villager (Male) |
| 0:02 | Build | House |
| 0:03 | Build | House |
| 0:07 | Create | Villager (Male) |
| 0:07 | Create | Villager (Male) |
| 0:10 | Build | Barracks |
| 0:59 | Create | Villager (Male) |
| 0:59 | Create | Villager (Male) |
| 1:31 | Create | Villager (Male) |
| 1:31 | Create | Villager (Male) |
| 1:50 | Create | Unit 2550 |
| 2:00 | Create | Villager (Male) |
| 2:34 | Build | Palisade Wall |
| 2:42 | Create | Villager (Male) |
| 2:58 | Build | House |
| 3:01 | Create | Villager (Male) |
| 3:17 | Create | Villager (Male) |
| 3:29 | Create | Unit 2550 |
| 3:46 | Create | Villager (Male) |
| 3:59 | Create | Villager (Male) |
| 4:24 | Create | Villager (Male) |
| 4:48 | Create | Villager (Male) |
| 5:05 | Create | Villager (Male) |
| 5:12 | Build | House |
| 5:23 | Create | Villager (Male) |
| 5:24 | Create | Villager (Male) |
| 5:41 | Create | Villager (Male) |
| 6:01 | Create | Villager (Male) |
| 6:08 | Build | Settlement |
| 6:10 | Create | Villager (Male) |
| 6:10 | Create | Villager (Male) |
| 6:23 | Create | Villager (Male) |
| 7:01 | Build | House |
| 7:06 | Research | Loom |
| 7:46 | Research | Feudal Age |
| 7:46 | Research | Feudal Age |
| 7:46 | Research | Feudal Age |
| 8:23 | Create | Unit 2550 |
| 8:41 | Build | Settlement |
| 8:49 | Build | Settlement |
| 9:13 | Build | Settlement |
| 9:35 | Create | Villager (Male) |
| 9:56 | Age | Feudal Age |
| 10:04 | Research | Tech 1402 |
| 10:05 | Research | Tech 1402 |
| 10:08 | Create | Villager (Male) |
| 10:13 | Create | Spearman |
| 10:19 | Create | Villager (Male) |
| 10:24 | Build | Farm |
| 10:31 | Research | Double-Bit Axe |
| 10:48 | Create | Villager (Male) |
Build order — french drush
44 actions detected in the replay
| 0:00 | Create | Villager (Male) |
| 0:00 | Create | Villager (Male) |
| 0:01 | Build | House |
| 0:02 | Build | House |
| 0:06 | Create | Villager (Male) |
| 0:08 | Create | Villager (Male) |
| 0:11 | Create | Villager (Male) |
| 1:24 | Create | Villager (Male) |
| 1:37 | Create | Villager (Male) |
| 2:07 | Create | Villager (Male) |
| 2:19 | Build | Lumber Camp |
| 2:34 | Create | Villager (Male) |
| 3:05 | Create | Villager (Male) |
| 3:28 | Build | House |
| 3:29 | Build | House |
| 3:52 | Create | Villager (Male) |
| 4:13 | Create | Villager (Male) |
| 4:16 | Build | Palisade Wall |
| 4:20 | Build | Mill |
| 4:37 | Research | Loom |
| 5:05 | Create | Villager (Male) |
| 5:14 | Create | Villager (Male) |
| 5:55 | Create | Villager (Male) |
| 6:12 | Create | Villager (Male) |
| 6:57 | Research | Feudal Age |
| 7:10 | Build | House |
| 7:42 | Build | House |
| 8:10 | Build | Barracks |
| 8:33 | Create | Villager (Male) |
| 9:01 | Age | Feudal Age |
| 9:03 | Build | Stable |
| 9:16 | Create | Villager (Male) |
| 9:18 | Research | Double-Bit Axe |
| 9:23 | Build | House |
| 9:28 | Build | Palisade Wall |
| 9:40 | Create | Scout Cavalry |
| 9:50 | Create | Villager (Male) |
| 9:55 | Build | Mill |
| 10:03 | Create | Scout Cavalry |
| 10:05 | Create | Villager (Male) |
| 10:22 | Build | House |
| 10:23 | Build | Palisade Wall |
| 10:24 | Create | Villager (Male) |
| 10:30 | Build | Farm |
Match timeline
| 0:10 | Lina · first_building Barracks |
| 2:34 | Lina · wall_segment Palisade Wall x1 |
| 4:16 | french drush · wall_segment Palisade Wall x2 |
| 8:10 | french drush · first_building Barracks |
| 9:01 | french drush · age_up feudal |
| 9:03 | french drush · first_building Stable |
| 9:28 | french drush · wall_segment Palisade Wall x5 |
| 9:56 | Lina · age_up feudal |
| 10:23 | french drush · wall_segment Palisade Wall x1 |
| 10:54 | french drush · resign |
[ AI ANALYSIS · 1 CREDIT ]
What really happened in this match?
Wolo.gg analyzes every decision: build order, eco, micro, common mistakes by bracket. Personalized analysis on WhatsApp or Discord in 30 seconds.
Civ guide
Tupi
Perfil
Jugador #299269